 Dungeon Crawl Stone Soup version 0.31-a0-986-g5e6e4ef867 (webtiles) character file.

Game seed: 12017866655141839838

53 promet the Trooper (level 3, -3/33 HPs)
             Began as a Hill Orc Fighter on Nov 3, 2023.
             Was a Follower of Qazlal.
             Succumbed to an orc's poison
             ... on level 2 of the Dungeon.
             The game lasted 00:12:13 (2497 turns).

promet the Trooper (Hill Orc Fighter)               Turns: 2497, Time: 00:12:14

Health: -3/33      AC:  9    Str: 19 (20) XL:     3   Next: 89%
Magic:  3/3        EV:  9    Int:  5 (8)  God:    Qazlal [*.....]
Gold:   69         SH:  6    Dex:  9 (10) Spells: 2/2 levels left

rFire   . . .        a - +0 war axe
rCold   . . .        c - +0 buckler
rNeg    . . .        p - +0 scale mail
rPois   .            (no helmet)
rElec   .            (no cloak)
rCorr   .            (no gloves)
SInv    .            j - +1 pair of boots
Will    .....        s - amulet of regeneration Stlth
                     (no ring)
HPRegen 1.05/turn    (no ring)
MPRegen 0.08/turn

%: no passive effects
@: lethally poisoned (-3 -> -19)
A: no striking features
a: Renounce Religion


You were on level 2 of the Dungeon.
You worshipped Qazlal.
Qazlal was aware of your devotion.
You visited 1 branch of the dungeon, and saw 3 of its levels.

You collected 111 gold pieces.
You spent 42 gold pieces at shops.

Inventory:

Hand Weapons
 a - a +0 war axe (weapon)
 b - a +0 sling
Missiles
 h - 2 poisoned darts
 n - 42 stones
Armour
 c - a +0 buckler (worn)
 j - a +1 pair of boots (worn)
 p - a +0 scale mail (worn)
Jewellery
 s - an amulet of regeneration (around neck)
Scrolls
 f - a scroll of vulnerability
 m - a scroll of teleportation
Potions
 d - a potion of might
 e - a potion of degeneration
 g - a potion of cancellation {unknown}
 i - 2 potions of berserk rage {unknown}
 q - a potion of lignification {unknown}
 r - a potion of enlightenment {unknown}
 u - a potion of curing {unknown}
 v - a potion of mutation {unknown}


   Skills:
 * Level 4.0 Fighting
 + Level 3.2 Axes
 + Level 1.1 Ranged Weapons
 + Level 3.8 Armour
 + Level 0.1 Dodging
 + Level 3.7 Shields


You had 2 spell levels left.
You didn't know any spells.
Your spell library contained the following spells:

 Spells                   Type           Power      Damage    Failure   Level
 Ensorcelled Hibernation  Hex/Ice        0%         N/A       96%         2
 Passwall                 Tmut/Erth      0%         N/A       96%         2
 Swiftness                Air            0%         N/A       99%         3


Dungeon Overview and Level Annotations

Branches:
Dungeon (3/15)

Altars:
Qazlal

Shops:
D:1 ?


Message History

Your butterfly disappears in a burst of colours!
Your butterfly disappears in a burst of colours!
The orc shouts!
The orc shouts!
Your butterfly disappears in a burst of colours!
You block the orc's attack.
You barely miss the orc. You block the orc's attack.
You slash the orc!
You kill the orc!
Qazlal accepts your kill.
You hit the orc but do no damage. You block the orc's attack.
The orc barely misses you.
Your Fighting skill increases to level 4!
The orc hits you with a +2 morningstar of venom.
You are poisoned.
Things that are here:
a +0 club; an orc corpse You feel very sick.
You feel sick. The orc barely misses you.
You feel sick.
The orc hits you with a +2 morningstar of venom.
You are more poisoned.
You hit the orc but do no damage.
You feel very sick. You block the orc's attack.
You hit the orc but do no damage.
You feel very sick. The orc barely misses you.
The orc hits you with a +2 morningstar of venom.
* * * LOW HITPOINT WARNING * * *
You are lethally poisoned!
You closely miss the orc.
* * * LOW HITPOINT WARNING * * *
You feel extremely sick. The orc hits you but does no damage.
You are more poisoned.
It was a potion of degeneration.
There was something very wrong with that liquid.
You feel weakened.
You feel dopey.
You feel clumsy.
You die...

#.#.........#
###[#)........#####
#...#.............#
#.................#
#...........#....^#
###.........'>.....
######.........#).....
#....o........).......
#...°@°#.#.........#..
#......#.#.........#..
######.....................
#....'..........#........##
##.###..........#b.......##
#.[............'..........
##..#######.....#..........
#.....#....................
###.#.#.#....##.......#....


You could see an orc.

Vanquished Creatures
  An adder (D:2)
  A dart slug (D:1)
  2 orcs (D:2)
  5 ball pythons
  An endoplasm (D:1)
  4 goblins
  2 hobgoblins
  3 jackals (D:2)
  5 quokkas
  7 bats
  2 frilled lizards
  3 kobolds
  2 rats (D:1)
38 creatures vanquished.

Notes
Turn   | Place    | Note
-------+----------+-------------------------------------------
     0 | D:1      | promet the Hill Orc Fighter began the quest for the Orb.
     0 | D:1      | Reached XP level 1. HP: 19/19 MP: 1/1
    40 | D:1      | Found a faded altar of an unknown god.
    92 | D:1      | Prayed at the altar of an unknown god.
    92 | D:1      | Became a worshipper of Qazlal Stormbringer
    92 | D:1      | Reached * piety under Qazlal
   472 | D:1      | Reached XP level 2. HP: 27/27 MP: 2/2
   717 | D:1      | Found The Oracle's Delphic Readings.
   722 | D:1      | Bought a scroll of teleportation for 42 gold pieces
  1096 | D:2      | Reached XP level 3. HP: 21/33 MP: 3/3
  1998 | D:2      | Reached ** piety under Qazlal
  2016 | D:2      | Reached skill level 1 in Ranged Weapons
  2490 | D:2      | Reached skill level 4 in Fighting
  2497 | D:2      | Succumbed to an orc's poison

Illustrated notes

Levels and vault maps discovered:
D:1:      dpeg_arrival_signposts, layout_basic,
          chequers_ecumenical_altar_twisty, minmay_misc_feat_diagonals,
          nicolae_nh_oracle_at_delphi
D:2:      layout_basic
D:3:      layout_loops_cross, mainiacjoe_overflow_alcove_1,
          nicolae_grassy_gnolls

Skill      XL: |  1  2  3 |
---------------+----------+-----
Axes           | 3 |  3.2
Ranged Weapons | 1 |  1.1
Fighting       | 4 |  4.0
Armour         | |  3.8
Dodging        | |  0.1
Shields        | |  3.7

Action                     || total
---------------------------++-------
  Melee: War axe           ||    78
   Fire: Sling             ||    32
    Use: Scroll            ||     6
         Potion            ||     1
 Armour: Scale mail        ||    90
  Dodge: Dodged            ||    64
  Block: Buckler           ||    49

Table legend: (Time is in decaauts)
 A = Elapsed time spent in this place.
 B = Non-inter-level travel time spent in this place.
 C = Inter-level travel time spent in this place.
 D = Time resting spent in this place.
 E = Time spent auto-exploring this place.
 F = Levels seen in this place.
 G = Mean time per level.
                   A        B        C        D        E       F      G
               +--------+--------+--------+--------+--------+-----+--------+
         Total |   2546 |   2492 |     54 |    192 |    891 |   3 |  848.7 |
       Dungeon |   2546 |   2492 |     54 |    192 |    891 |   3 |  848.7 |
               +--------+--------+--------+--------+--------+-----+--------+

Top non-repeatable levels by time:
     D:2: 1318 daAuts
     D:1: 1223 daAuts
     D:3: 4 daAuts
